[Event "Titled Tuesday Blitz March 15 Late 2022"]
[White "Fier, Alexandr"]
[Black "Kovanova, Baira"]
[WhiteFideId "2107139"]
[BlackFideId "4164083"]
[WhiteElo "2571"]
[BlackElo "2190"]
[Result "0-1"]
[Round "04"]
[TimeControl "180+1"]
[Date "2022.03.16"]
[WhiteClock "0:02:05"]
[BlackClock "0:00:35"]

1. e4 e5 2. b3 Nc6 3. Bb2 Nf6 4. Nc3 Bc5 5. Nf3 a6 6. Qe2 d6 7. O-O-O Be6 8. h3 Qd7 9. g4 h6 10. Rg1 O-O-O 11. Na4 Ba7 12. d4 exd4 13. Nxd4 Nxd4 14. Bxd4 Bxd4 15. Rxd4 Rhe8 16. f3 Qc6 17. Qd2 g5 18. Nc3 Nd7 19. Bc4 Ne5 20. Bd5 Bxd5 21. exd5 Qc5 22. Rf1 Re7 23. Kb2 Rde8 24. Ne4 Qb6 25. a4 a5 26. Nc3 c6 27. dxc6 bxc6 28. Ka2 d5 29. f4 Nd7 30. fxg5 hxg5 31. Rd3 f6 32. Rdf3 d4 33. Nd1 Re2 34. Qd3 Kb7 35. R3f2 R2e7 36. Nb2 Ne5 37. Qf5 Qc5 38. Qxf6 Rf7 39. Qxg5 Rxf2 40. Rxf2 d3 41. cxd3 Qxf2 42. Qg7+ Qf7 43. Qg5 Qd5 44. Qd2 Rf8 45. Ka3 Rf3 46. Nc4 Nxc4+ 47. Ka2 Nxd2 0-1


[Site "https://www.chess.com"]

[Event "Titled Tuesday Blitz March 15 Late 2022"]
[White "Fishbein, Alexander"]
[Black "Jaskolka, Tomasz"]
[WhiteFideId "2000377"]
[BlackFideId "1170791"]
[WhiteElo "2442"]
[BlackElo "2073"]
[Result "1-0"]
[Round "04"]
[TimeControl "180+1"]
[Date "2022.03.16"]
[WhiteClock "0:00:04"]
[BlackClock "0:00:04"]

1. e4 c5 2. Nf3 e6 3. d4 cxd4 4. Nxd4 Nc6 5. Nc3 Qc7 6. g3 a6 7. Bg2 Nf6 8. O-O Nxd4 9. Qxd4 Bc5 10. Bf4 d6 11. Qd2 h6 12. Rad1 e5 13. Be3 Bb4 14. Nb5 axb5 15. Qxb4 Rxa2 16. Rxd6 O-O 17. Rd2 Be6 18. h3 Rc8 19. Rfd1 Qc4 20. Qd6 Rxb2 21. Qxe5 Rxc2 22. Rxc2 Qxc2 23. Rc1 Qd3 24. Rxc8+ Bxc8 25. Qb8 Qd7 26. e5 Ne8 27. Bc5 Qc7 28. Qxc7 Nxc7 29. Bd6 Ne6 30. f4 b6 31. Kf2 f6 32. Ke3 fxe5 33. Bxe5 Kf7 34. Bd5 Ke7 35. f5 Nc5 36. g4 h5 37. Bxg7 hxg4 38. hxg4 b4 39. f6+ Kd6 40. Bc4 Bxg4 41. Bf8+ Ke5 42. Bxc5 Kxf6 43. Bxb6 Be6 44. Ba6 b3 45. Bd4+ Ke7 46. Ke4 Kd6 47. Be2 Bd5+ 48. Ke3 Be6 49. Kd2 Bd5 50. Bh8 Be6 51. Kc3 Bd5 52. Kb4 Be6 53. Bd3 Bd5 54. Kb5 Ke6 55. Bc3 Kd6 56. Kb6 Be6 57. Bb2 Bd5 58. Kb5 Be6 59. Kb4 Bd5 60. Kc3 Be6 61. Kd4 Bg8 62. Ba3+ Kc6 63. Be4+ Kb5 64. Kc3 Be6 65. Bf8 Bf7 66. Bf5 Bd5 67. Bd7+ Kb6 68. Ba3 Bf7 69. Kd4 Bg8 70. Ke5 Bf7 71. Kd6 Bg8 72. Bc5+ Kb7 73. Bd4 Bf7 74. Bc6+ Ka6 75. Kc5 Bg8 76. Kb4 Bf7 77. Bd7 Kb7 78. Kc5 Kc7 79. Bc6 Bg8 80. Be5+ Kd8 81. Kd6 Bf7 82. Bd7 1-0


[Site "https://www.chess.com"]

[Event "Titled Tuesday Blitz March 15 Late 2022"]
[White "Foisor, Sabina-Francesca"]
[Black "Sanchez Alvares, Kelvin Antonio"]
[WhiteFideId "1212915"]
[BlackFideId "3906680"]
[WhiteElo "2243"]
[BlackElo "2193"]
[Result "0-1"]
[Round "04"]
[TimeControl "180+1"]
[Date "2022.03.16"]
[WhiteClock "0:00:01"]
[BlackClock "0:00:50"]

1. d4 Nf6 2. c4 c6 3. Nf3 d5 4. Nbd2 Bf5 5. Nh4 Bg4 6. h3 Bc8 7. e3 g6 8. Be2 Bg7 9. O-O O-O 10. b4 dxc4 11. Nxc4 Nbd7 12. Bb2 Nd5 13. a3 e5 14. Nf3 exd4 15. Bxd4 N7f6 16. Rc1 Be6 17. Bc5 Re8 18. Nd6 Re7 19. e4 Nf4 20. e5 N6d5 21. Re1 Nxe2+ 22. Qxe2 b6 23. Be3 Nxe3 24. Qxe3 Bd5 25. Ne4 Kh8 26. Rcd1 Qc7 27. Qf4 Bxe5 28. Nxe5 Qxe5 29. Qxe5+ Rxe5 30. Nf6 Rxe1+ 31. Rxe1 Be6 32. Rc1 Rc8 33. g4 c5 34. bxc5 bxc5 35. f4 Kg7 0-1


[Site "https://www.chess.com"]

[Event "Titled Tuesday Blitz March 15 Late 2022"]
[White "Garriga Cazorla, Pere"]
[Black "Lewicki, Miroslaw"]
[WhiteFideId "32011601"]
[BlackFideId "1113380"]
[WhiteElo "2458"]
[BlackElo "2283"]
[Result "0-1"]
[Round "04"]
[TimeControl "180+1"]
[Date "2022.03.16"]
[WhiteClock "0:01:33"]
[BlackClock "0:01:17"]

1. d4 Nf6 2. c4 e6 3. Nc3 d5 4. cxd5 exd5 5. Bg5 Nbd7 6. e3 Be7 7. Bd3 h6 8. Bh4 O-O 9. Nge2 b6 10. Rb1 Bb7 11. b4 Ne4 12. Bxe7 Qxe7 13. Bxe4 dxe4 14. O-O Rad8 15. Qc2 Nf6 16. Rfc1 Bd5 17. Ng3 Rfe8 18. Nxd5 Nxd5 19. Qa4 g6 20. Ne2 a5 21. b5 Nb4 22. Rc4 Nd3 23. Nc1 Nf4 24. exf4 e3 25. Nd3 exf2+ 26. Kxf2 Qe3+ 0-1


[Site "https://www.chess.com"]

[Event "Titled Tuesday Blitz March 15 Late 2022"]
[White "Gatterer, Florian"]
[Black "Della Morte, German"]
[WhiteFideId "811688"]
[BlackFideId "113522"]
[WhiteElo "2218"]
[BlackElo "2363"]
[Result "1/2-1/2"]
[Round "04"]
[TimeControl "180+1"]
[Date "2022.03.16"]
[WhiteClock "0:00:12"]
[BlackClock "0:00:07"]

1. e4 e5 2. Nf3 Nc6 3. Bb5 a6 4. Ba4 Nf6 5. O-O Be7 6. Re1 b5 7. Bb3 d6 8. c3 O-O 9. h3 Na5 10. Bc2 c5 11. d4 Nd7 12. b3 exd4 13. cxd4 Nc6 14. Bb2 Nb4 15. Nbd2 Nxc2 16. Qxc2 Bb7 17. d5 Bf6 18. e5 Nxe5 19. Nxe5 dxe5 20. Qxc5 Rc8 21. Qe3 Qxd5 22. Ne4 Rfd8 23. f3 Be7 24. Kh2 f6 25. Qe2 Qd3 26. Qxd3 Rxd3 27. Rad1 Rxd1 28. Rxd1 Rc7 29. a3 Kf8 30. b4 Rc2 31. Bc1 Bxe4 32. fxe4 Rc4 33. Re1 Rc3 34. Rd1 Kf7 35. Kg1 Ke6 36. Kf2 Rc2+ 37. Kf3 g6 38. g4 Rh2 39. Kg3 Ra2 40. Kf3 a5 41. Rd5 axb4 42. axb4 Rc2 43. Be3 f5 44. gxf5+ gxf5 45. Rxb5 f4 46. Rb6+ Kd7 47. Bc5 Bxc5 48. bxc5 Rxc5 49. Rh6 Rc3+ 50. Kg4 Rg3+ 51. Kf5 f3 52. Kxe5 f2 53. Rf6 Rg2 54. h4 Ke7 55. Rf4 Rh2 56. Kd4 Ke6 57. h5 h6 58. Ke3 Rxh5 59. Rxf2 Ra5 60. Rf8 Ra1 61. Rh8 Ra3+ 62. Kf4 Rh3 63. Re8+ Kf7 64. Ra8 Rh1 65. Ra7+ Kg6 66. Ra6+ Kf7 67. Ke5 Rh2 68. Ra7+ Kg6 69. Rb7 h5 70. Rb6+ Kg5 71. Ke6 h4 72. e5 h3 73. Rb8 Re2 74. Rg8+ Kf4 75. Rf8+ Kg4 76. Rg8+ Kf4 77. Rf8+ Kg3 78. Rg8+ Kf2 79. Kf6 h2 80. Rh8 Kg1 81. Rxh2 Kxh2 82. e6 Kg3 83. Kf7 Kg4 84. e7 Rf2+ 85. Kg8 Re2 86. Kf7 Kf5 87. e8=Q Rxe8 88. Kxe8 1/2-1/2


[Site "https://www.chess.com"]

[Event "Titled Tuesday Blitz March 15 Late 2022"]
[White "Golubev, Mikhail"]
[Black "Urazayev, Arystanbek"]
[WhiteFideId "14100983"]
[BlackFideId "13709810"]
[WhiteElo "2374"]
[BlackElo "2393"]
[Result "1/2-1/2"]
[Round "04"]
[TimeControl "180+1"]
[Date "2022.03.16"]
[WhiteClock "0:00:03"]
[BlackClock "0:00:41"]

1. e4 c6 2. d4 d5 3. e5 c5 4. dxc5 e6 5. Nf3 Bxc5 6. Bd3 f6 7. O-O Nc6 8. Re1 fxe5 9. Nxe5 Nf6 10. Nxc6 bxc6 11. Nd2 O-O 12. Nf3 e5 13. Rxe5 Bg4 14. Be3 Bxf3 15. Qxf3 Ne4 16. Rf5 Rxf5 17. Qxf5 Bxe3 18. fxe3 Qb6 19. Re1 Nf6 20. Kh1 Re8 21. b3 Qa5 22. Rf1 Qxa2 23. g4 h6 24. h4 Qb2 25. g5 hxg5 26. hxg5 Re5 27. Qg6 Ne4 28. Qf7+ Kh7 29. Qh5+ Kg8 30. Qf7+ Kh7 31. Qh5+ Kg8 32. Qf7+ 1/2-1/2


[Site "https://www.chess.com"]

[Event "Titled Tuesday Blitz March 15 Late 2022"]
[White "Golubka, Petro"]
[Black "Przybylski, Wojciech"]
[WhiteFideId "14114224"]
[BlackFideId "1117599"]
[WhiteElo "2346"]
[BlackElo "2133"]
[Result "1-0"]
[Round "04"]
[TimeControl "180+1"]
[Date "2022.03.16"]
[WhiteClock "0:00:32"]
[BlackClock "0:00:07"]

1. e4 e5 2. Bc4 Nf6 3. d3 Nc6 4. a3 d5 5. exd5 Nxd5 6. Nf3 Be7 7. h3 O-O 8. O-O Be6 9. Re1 Bd6 10. Nbd2 f5 11. b4 a6 12. Bb2 Qf6 13. Bxd5 Bxd5 14. c4 Bxf3 15. Nxf3 Rfe8 16. c5 Bf8 17. Qb3+ Kh8 18. Re2 b6 19. Rae1 bxc5 20. Nxe5 Nxe5 21. Bxe5 Qg6 22. bxc5 Bxc5 23. Bxg7+ Kxg7 24. Qc3+ Kg8 25. Qc4+ Kg7 26. Qxc5 Rxe2 27. Rxe2 Re8 28. Qxc7+ Kg8 29. Qc4+ Kg7 30. Qd4+ Kg8 31. Qd5+ Kf8 32. Qc5+ Kf7 33. Rb2 Re7 34. Rb6 Qg5 35. Qd5+ Kg7 36. Qd4+ Kf7 37. Rxa6 Re1+ 38. Kh2 Re7 39. a4 f4 40. Qc4+ Kg7 41. Qd4+ Kf7 42. a5 Qf5 43. Qc4+ Kg7 44. Qd4+ Kf7 45. Ra7 f3 46. Qc4+ Kf8 47. Rxe7 Kxe7 48. Qe4+ Qxe4 49. dxe4 fxg2 50. Kxg2 Kd6 51. f4 Kc6 52. f5 Kd6 53. f6 Ke6 54. a6 Kxf6 55. a7 Ke5 56. a8=Q Kf4 57. h4 h5 58. Kf2 Kg4 59. Ke3 Kg3 60. Kd4 Kg4 61. Ke5 Kg3 62. Kf6 Kg4 63. Kg6 Kxh4 64. Kf5 Kg3 65. Qb8+ Kh4 66. Qh2# 1-0


[Site "https://www.chess.com"]

[Event "Titled Tuesday Blitz March 15 Late 2022"]
[White "Goryachkina, Aleksandra"]
[Black "Peatman, Carter"]
[WhiteFideId "4147103"]
[BlackFideId "2096480"]
[WhiteElo "2426"]
[BlackElo "2437"]
[Result "1-0"]
[Round "04"]
[TimeControl "180+1"]
[Date "2022.03.16"]
[WhiteClock "0:01:29"]
[BlackClock "0:01:48"]

1. e4 c5 2. Nf3 d6 3. c3 Bg4 4. h3 Bh5 5. Be2 e6 6. O-O Nc6 7. d4 Nf6 8. d5 Bxf3 9. Bxf3 Ne5 10. dxe6 Nxf3+ 11. Qxf3 fxe6 12. e5 Nd5 13. c4 Nb6 14. Qxb7 dxe5 15. Nc3 Be7 16. Rd1 Qc8 17. Qf3 Rf8 18. Qh5+ g6 19. Qxh7 Nxc4 20. Qxg6+ Rf7 21. Bh6 Bf8 22. b3 Nb6 23. Ne4 1-0


[Site "https://www.chess.com"]

[Event "Titled Tuesday Blitz March 15 Late 2022"]
[White "Gulecyuz, Deniz"]
[Black "Odegov, Artem"]
[WhiteFideId "30921341"]
[BlackFideId "34183644"]
[WhiteElo "1923"]
[BlackElo "2286"]
[Result "0-1"]
[Round "04"]
[TimeControl "180+1"]
[Date "2022.03.16"]
[WhiteClock "0:00:04"]
[BlackClock "0:00:58"]

1. Nf3 d5 2. g3 Bg4 3. Bg2 c6 4. O-O Nd7 5. d3 e5 6. c4 Bd6 7. Nc3 Ngf6 8. h3 Bh5 9. cxd5 Nxd5 10. Nxd5 cxd5 11. Qb3 O-O 12. Qxd5 Nf6 13. Qxb7 Rb8 14. Qa6 Rb6 15. Qxa7 Bc5 16. Qa4 e4 17. dxe4 Rb4 18. Qc2 Qb6 19. e5 Ne4 20. e3 Bg6 21. Qe2 Ra8 22. a3 Rb3 23. Nd2 Nxd2 24. Qxd2 Rd8 25. Qe1 Bd3 26. Bd2 Bxf1 27. Bxf1 Rxb2 28. Ba5 Qb8 29. Bxd8 Qxd8 30. Qc3 Qd2 31. Qxd2 Rxd2 32. Rc1 Bxa3 33. Rc8+ Bf8 34. f4 g6 35. e4 Kg7 36. f5 Ba3 37. f6+ Kh6 38. e6 fxe6 39. Rg8 Bc5+ 40. Kh1 Rf2 41. Bg2 Rxf6 42. g4 Rf2 43. Re8 Re2 44. Rxe6 Be3 45. Kh2 Bf4+ 46. Kg1 Bg3 47. Kh1 Re1+ 48. Bf1 Kg5 49. Kg2 Bf4 50. Re7 h6 51. Re8 Re3 52. Bc4 Rg3+ 53. Kh2 Rc3+ 54. Kg2 Rxc4 55. e5 Re4 56. e6 Re2+ 57. Kf3 Re3+ 58. Kg2 Kh4 59. Rf8 Bg5 60. Re8 Re2+ 61. Kf3 Re1 62. Kg2 Re3 63. Rg8 Rxe6 64. Rg7 Re2+ 65. Kf3 Re3+ 66. Kg2 Rg3+ 67. Kf2 Rxh3 68. Rxg6 Kxg4 0-1


[Site "https://www.chess.com"]

[Event "Titled Tuesday Blitz March 15 Late 2022"]
[White "Hamley, Ryan"]
[Black "Gledura, Benjamin"]
[WhiteFideId "30959497"]
[BlackFideId "712779"]
[WhiteElo "2544"]
[BlackElo "2326"]
[Result "0-1"]
[Round "04"]
[TimeControl "180+1"]
[Date "2022.03.16"]
[WhiteClock "0:00:01"]
[BlackClock "0:00:23"]

1. d4 d5 2. Bf4 c5 3. e3 Nf6 4. Nd2 e6 5. Ngf3 Nc6 6. c3 Bd6 7. Bg3 O-O 8. Bd3 Qc7 9. dxc5 Bxg3 10. hxg3 h6 11. b4 Rd8 12. Qe2 a5 13. b5 Ne7 14. O-O Qxc5 15. c4 Bd7 16. Rfc1 Qa7 17. Ne5 Be8 18. c5 Rac8 19. b6 Qb8 20. Ndf3 Ne4 21. Bb5 Nxc5 22. Bxe8 Rxe8 23. Qb5 Qd6 24. Qxa5 f6 25. Ng4 h5 26. Ngh2 Nd3 27. Rxc8 Rxc8 28. Qd2 Nc5 29. Rb1 Ne4 30. Qa5 Nf5 31. Nf1 Rc2 32. Qa8+ Kh7 33. Qxb7 Nxf2 34. Qf7 Nh6 35. Qxh5 Ne4 36. b7 Nxg3 37. Nxg3 Qxg3 38. Qh3 Qf2+ 39. Kh1 Rb2 40. Rxb2 Qxb2 41. Qxe6 Qb1+ 42. Kh2 Qxb7 43. Nd4 Qb8+ 44. Kh1 Qg3 45. Qxd5 Qxe3 0-1


[Site "https://www.chess.com"]

[Event "Titled Tuesday Blitz March 15 Late 2022"]
[White "Hess, Robert"]
[Black "Donchenko, Alexander"]
[WhiteFideId "2022036"]
[BlackFideId "24603295"]
[WhiteElo "2557"]
[BlackElo "2539"]
[Result "1-0"]
[Round "04"]
[TimeControl "180+1"]
[Date "2022.03.15"]
[WhiteClock "0:00:06"]
[BlackClock "0:00:05"]

1. b3 Nf6 2. Bb2 g6 3. d3 Bg7 4. Nd2 O-O 5. e3 c5 6. Ne2 Nc6 7. h3 d5 8. g4 e5 9. Bg2 h5 10. g5 Ne8 11. h4 Bg4 12. Qc1 Qd7 13. Ng3 Nc7 14. a3 Rfe8 15. Ndf1 Rad8 16. Qd2 b5 17. Nh2 Bh3 18. Bf3 a5 19. Rg1 d4 20. Ne4 Qe7 21. Nf6+ Bxf6 22. Bxc6 Bg7 23. Bxe8 Rxe8 24. e4 Ra8 25. a4 b4 26. O-O-O Ne6 27. Kb1 Nf4 28. Bc1 Bd7 29. Qe1 Ne6 30. Nf3 Qd6 31. Nd2 Qc7 32. Nc4 Re8 33. f3 Bc8 34. Qg3 Bd7 35. Rdf1 Nf4 36. Re1 Nh3 37. Rgf1 Nf4 38. Qh2 Bc6 39. Rf2 Re6 40. Bxf4 exf4 41. e5 Bxe5 42. Rfe2 Bg7 43. Rxe6 fxe6 44. Rxe6 Kh7 45. Rd6 Bxf3 46. Qxf4 Bg4 47. Rf6 Qe7 48. Rf7 Qe1+ 49. Ka2 Be6 50. Re7 Qe2 51. Qd2 Qg4 52. Ne5 Qf5 53. Nc6 Kh8 54. Qe2 Bd5 55. Nd8 Qg4 56. Nf7+ Kg8 57. Nh6+ Bxh6 58. gxh6 Qxe2 59. Rxe2 Kh7 60. Re5 Bf3 61. Rxc5 Kxh6 62. Rxa5 Kg7 63. Rg5 Kf6 64. a5 Bb7 65. Rb5 Bf3 66. a6 g5 67. Rxg5 Ke6 68. a7 1-0


[Site "https://www.chess.com"]

[Event "Titled Tuesday Blitz March 15 Late 2022"]
[White "Hoffmann, Asa"]
[Black "Ardila, Oscar Humberto"]
[WhiteFideId "2001470"]
[BlackFideId "4404742"]
[WhiteElo "2117"]
[BlackElo "1966"]
[Result "1-0"]
[Round "04"]
[TimeControl "180+1"]
[Date "2022.03.16"]
[WhiteClock "0:00:48"]
[BlackClock "0:00:05"]

1. d4 Nf6 2. Bg5 e6 3. Nd2 Be7 4. e3 d6 5. Bd3 Nbd7 6. f4 h6 7. Bh4 c5 8. c3 Qc7 9. Ngf3 a6 10. O-O b5 11. e4 Bb7 12. Qe2 O-O 13. Rac1 Rfe8 14. h3 Qa5 15. a3 Rac8 16. Bf2 Nh5 17. g3 Nhf6 18. e5 dxe5 19. fxe5 Nd5 20. c4 bxc4 21. Nxc4 Qc7 22. Qe4 Nf8 23. Qg4 cxd4 24. Bxd4 Bc5 25. Kh2 Bxd4 26. Qxd4 Qc5 27. Nd6 Qxd4 28. Nxd4 Ne3 29. Rfe1 Rxc1 30. Rxc1 Rb8 31. Rc7 Bd5 32. b4 a5 33. b5 Ng6 34. Nxf7 Nf8 35. Nd6 Bf3 36. Nxf3 Nd5 37. b6 Nxb6 38. Be4 Nd5 39. Bxd5 exd5 40. Nd4 Rb2+ 41. Kg1 Ng6 42. e6 Rd2 43. N4f5 Re2 44. Rxg7+ Kf8 45. Rxg6 d4 46. e7+ 1-0


[Site "https://www.chess.com"]

[Event "Titled Tuesday Blitz March 15 Late 2022"]
[White "Holt, Conrad"]
[Black "Niemann, Hans Moke"]
[WhiteFideId "2034387"]
[BlackFideId "2093596"]
[WhiteElo "2586"]
[BlackElo "2632"]
[Result "1-0"]
[Round "04"]
[TimeControl "180+1"]
[Date "2022.03.15"]
[WhiteClock "0:00:40"]
[BlackClock "0:00:03"]

1. d4 g6 2. c4 Bg7 3. Nf3 d6 4. e4 Bg4 5. Be2 Nc6 6. Nbd2 e5 7. d5 Nce7 8. O-O h6 9. Ne1 Bd7 10. c5 Nf6 11. Nd3 O-O 12. Qb3 b6 13. c6 Bc8 14. Qa4 a6 15. b4 Nfxd5 16. exd5 e4 17. Nxe4 Bxa1 18. Bxh6 Bg7 19. Bxg7 Kxg7 20. Qb3 Bf5 21. Qb2+ f6 22. Nf4 Qe8 23. Ng3 Bc8 24. Bd3 Qf7 25. Re1 Re8 26. h3 Kg8 27. Re3 f5 28. Qe2 Kf8 29. h4 Ng8 30. h5 Rxe3 31. Qxe3 gxh5 32. Ngxh5 b5 33. g4 Ne7 34. Qd4 a5 35. Qh8+ Ng8 36. g5 Ke7 37. g6 Qf8 38. Qh7+ Kd8 39. Qf7 Qe8 40. Ng7 1-0


[Site "https://www.chess.com"]

[Event "Titled Tuesday Blitz March 15 Late 2022"]
[White "Ibarra Jerez, Jose Carlos"]
[Black "Yang, Kaiqi"]
[WhiteFideId "2226332"]
[BlackFideId "8604398"]
[WhiteElo "2626"]
[BlackElo "2373"]
[Result "1-0"]
[Round "04"]
[TimeControl "180+1"]
[Date "2022.03.15"]
[WhiteClock "0:01:28"]
[BlackClock "0:00:05"]

1. d4 e6 2. e4 d5 3. Nd2 Nf6 4. e5 Nfd7 5. f4 c5 6. c3 Nc6 7. Ndf3 Be7 8. Bd3 O-O 9. h4 f5 10. h5 b5 11. Ne2 b4 12. c4 Nb6 13. cxd5 Qxd5 14. b3 Rd8 15. O-O a5 16. Be3 Ba6 17. Bxa6 Rxa6 18. dxc5 Bxc5 19. Qc1 Bxe3+ 20. Qxe3 Qd3 21. Qxd3 Rxd3 22. Rfd1 Rxd1+ 23. Rxd1 Nd5 24. Ng5 Nce7 25. Nd4 Nxf4 26. Nxf5 Nc6 27. Ne7+ Kf8 28. Nxc6 Rxc6 29. Rf1 h6 30. Rxf4+ Ke7 31. Ne4 Rc1+ 32. Rf1 Rc2 33. Rf2 Rc1+ 34. Kh2 Re1 35. Rf4 Re2 36. Rg4 Kf8 37. Nc5 Rxe5 38. Nd7+ 1-0


[Site "https://www.chess.com"]

[Event "Titled Tuesday Blitz March 15 Late 2022"]
[White "Issani, Nameer"]
[Black "Lysyj, Igor"]
[WhiteFideId "2619130"]
[BlackFideId "4150120"]
[WhiteElo "2560"]
[BlackElo "2611"]
[Result "0-1"]
[Round "04"]
[TimeControl "180+1"]
[Date "2022.03.15"]
[WhiteClock "0:01:33"]
[BlackClock "0:02:05"]

1. d4 Nf6 2. c4 e6 3. Nc3 Bb4 4. e3 O-O 5. Ne2 d5 6. a3 Bd6 7. c5 Be7 8. b4 c6 9. g3 b6 10. Bg2 Ba6 11. O-O Bc4 12. Re1 Nbd7 13. Bb2 bxc5 14. dxc5 e5 15. Rc1 a5 16. f4 axb4 17. axb4 Qb8 18. Qd2 Qxb4 19. Red1 Qxc5 20. fxe5 Nxe5 21. Nd4 Nd3 22. Rc2 Nxb2 23. Rxb2 Rfe8 24. Nf5 Bf8 25. Ne2 g6 26. Nfd4 Ng4 0-1


[Site "https://www.chess.com"]

[Event "Titled Tuesday Blitz March 15 Late 2022"]
[White "Janturin, Artur"]
[Black "Swicarz, Maciej"]
[WhiteFideId "4130022"]
[BlackFideId "1113585"]
[WhiteElo "2353"]
[BlackElo "2057"]
[Result "0-1"]
[Round "04"]
[TimeControl "180+1"]
[Date "2022.03.16"]
[WhiteClock "0:00:01"]
[BlackClock "0:00:49"]

1. b3 c5 2. Bb2 Nc6 3. e3 a6 4. f4 d5 5. Nf3 Bg4 6. h3 Bxf3 7. Qxf3 e6 8. g4 h5 9. g5 Nge7 10. Bg2 Nf5 11. O-O Qc7 12. c4 dxc4 13. bxc4 Nh4 14. Qf2 Nxg2 15. Qxg2 Nb4 16. Be5 Bd6 17. Bxg7 Rg8 18. Bf6 Nc2 19. Nc3 Nxa1 20. Rxa1 Rc8 21. Rb1 b6 22. a4 Qc6 23. a5 bxa5 24. Rb7 Qxg2+ 25. Kxg2 Bc7 26. Ne4 Kd7 27. Nxc5+ Kc6 28. d4 Rb8 29. Ra7 Ra8 30. Rxa6+ Rxa6 31. Nxa6 Bd6 32. e4 Ra8 33. d5+ exd5 34. exd5+ Kd7 0-1


[Site "https://www.chess.com"]

[Event "Titled Tuesday Blitz March 15 Late 2022"]
[White "Jeet, Jain"]
[Black "Thavandiran, Shiyam"]
[WhiteFideId "5073022"]
[BlackFideId "2605058"]
[WhiteElo "2085"]
[BlackElo "2357"]
[Result "1/2-1/2"]
[Round "04"]
[TimeControl "180+1"]
[Date "2022.03.16"]
[WhiteClock "0:00:08"]
[BlackClock "0:00:10"]

1. d4 e6 2. Nf3 Nf6 3. Bf4 c5 4. c3 Nc6 5. e3 d5 6. Nbd2 Qb6 7. Qb3 Be7 8. Be2 h6 9. h3 O-O 10. O-O Bd7 11. Qxb6 axb6 12. Bc7 Bd8 13. Bxd8 Rfxd8 14. a3 Ne8 15. c4 cxd4 16. cxd5 exd5 17. Nxd4 Nxd4 18. exd4 Nd6 19. Rfc1 Rdc8 20. Bf3 Be6 21. Kf1 Kf8 22. Ke2 Ke7 23. g4 Nb5 24. Kd3 Kd6 25. Nb3 Rc4 26. Be2 Re8 27. Kd2 Rxd4+ 28. Nxd4 Nxd4 29. Bd1 Bd7 30. Kd3 Ne6 31. Kd2 Nc5 32. f3 Ne6 33. b4 g5 34. a4 Nf4 35. a5 bxa5 36. bxa5 Bb5 37. Rcb1 Ba6 38. Rb6+ Kc7 39. Rxh6 d4 40. Rc1+ Kb8 41. Rd6 d3 42. Rh6 Ne6 43. h4 gxh4 44. Rxh4 Nf4 45. g5 Ng2 46. Re4 Rh8 47. Bb3 Rh2 48. Kc3 Nh4 49. Bc4 d2 50. Rd1 Bxc4 51. Rxc4 Nxf3 52. Rf4 Rh3 53. Kb4 Nxg5 54. Rxd2 Rh7 55. Rd7 Ne6 56. Rfxf7 Rh4+ 57. Ka3 Nc5 58. Rde7 Ra4+ 59. Kb2 Rxa5 60. Rf8+ Ka7 61. Rff7 Rb5+ 62. Kc3 Na6 63. Kc4 Rc5+ 64. Kb3 Rb5+ 65. Kc4 Rb4+ 66. Kc3 Rb6 67. Rh7 Nb8 68. Rxb7+ Rxb7 69. Rxb7+ Kxb7 1/2-1/2


[Site "https://www.chess.com"]

[Event "Titled Tuesday Blitz March 15 Late 2022"]
[White "Khanin, Semen"]
[Black "Sokolovsky, Yahli"]
[WhiteFideId "4111990"]
[BlackFideId "2820242"]
[WhiteElo "2442"]
[BlackElo "1770"]
[Result "1-0"]
[Round "04"]
[TimeControl "180+1"]
[Date "2022.03.15"]
[WhiteClock "0:00:09"]
[BlackClock "0:00:03"]

1. e4 g6 2. d4 Bg7 3. Nf3 d6 4. Be3 a6 5. c4 b6 6. Nc3 Bb7 7. Qd2 Nd7 8. Bd3 e5 9. d5 Nc5 10. Bc2 a5 11. b3 Ne7 12. h4 h6 13. h5 g5 14. Ne2 f5 15. exf5 e4 16. Nfd4 Nxf5 17. Nxf5 Bxa1 18. Bd4 Bxd4 19. Qxd4 Kd7 20. a3 Kc8 21. b4 axb4 22. axb4 Nd3+ 23. Bxd3 exd3 24. Neg3 Re8+ 25. Ne3 d2+ 26. Qxd2 Ra1+ 27. Ke2 Rxh1 28. Nxh1 Qf6 29. Ng3 Qf4 30. Kf1 Rf8 31. Kg1 Kb8 32. b5 Bc8 33. Qb2 Bg4 34. Qc2 Qd4 35. Qg6 Rf6 36. Qg8+ Kb7 37. Qh8 Qf4 38. Nxg4 Rf8 39. Qxh6 Re8 40. Nh2 Rf8 41. Nh1 Re8 42. Nf1 Re1 43. Ng3 Rc1 44. Qg6 Ra1 45. Qe4 Qf6 46. Qf5 Qb2 47. h6 Ra2 48. h7 Qg7 49. Ne3 Ra1+ 50. Kh2 Qh6+ 51. Qh3 1-0


[Site "https://www.chess.com"]

[Event "Titled Tuesday Blitz March 15 Late 2022"]
[White "Khripachenko, Alexander"]
[Black "Costachi, Mihnea"]
[WhiteFideId "54184975"]
[BlackFideId "1217518"]
[WhiteElo "2177"]
[BlackElo "2464"]
[Result "0-1"]
[Round "04"]
[TimeControl "180+1"]
[Date "2022.03.15"]
[WhiteClock "0:00:13"]
[BlackClock "0:00:29"]

1. d4 g6 2. e4 Bg7 3. Nf3 c6 4. Nc3 d5 5. h3 dxe4 6. Nxe4 Nf6 7. Nxf6+ Bxf6 8. Bc4 O-O 9. O-O Nd7 10. Re1 Nb6 11. Bb3 Bf5 12. c3 a5 13. a4 Re8 14. Ne5 Bxe5 15. Rxe5 Nd7 16. Re1 e5 17. Be3 exd4 18. Bxd4 Rxe1+ 19. Qxe1 c5 20. Be3 Qb6 21. Qd1 Nf6 22. Bc2 Rd8 23. Qc1 Bxc2 24. Qxc2 Qd6 25. Re1 Kg7 26. Qb3 b6 27. Bg5 h6 28. Bh4 g5 29. Bg3 Qd2 30. Re3 Qd1+ 31. Qxd1 Rxd1+ 32. Kh2 Rd2 33. b3 Nd5 34. Rf3 Kg6 35. c4 Ne7 36. Bc7 Nc8 37. Re3 Rd7 38. Bg3 Ne7 39. Rc3 Nf5 40. Bb8 h5 41. g3 f6 42. g4 hxg4 43. hxg4 Nd4 44. Kg2 Re7 45. Rd3 f5 46. gxf5+ Kxf5 47. Bd6 Rd7 48. Bg3 g4 49. Re3 Nf3 50. Bb8 Rd1 51. Bh2 Rb1 52. Rc3 Rb2 53. Rd3 Ne1+ 0-1


[Site "https://www.chess.com"]

[Event "Titled Tuesday Blitz March 15 Late 2022"]
[White "Kosteniuk, Alexandra"]
[Black "Al-Tarboush, Ward"]
[WhiteFideId "4128125"]
[BlackFideId "7601450"]
[WhiteElo "2469"]
[BlackElo "2276"]
[Result "1-0"]
[Round "04"]
[TimeControl "180+1"]
[Date "2022.03.15"]
[WhiteClock "0:00:51"]
[BlackClock "0:00:20"]

1. d4 d5 2. Nf3 Nf6 3. g3 c6 4. Bg2 Bf5 5. O-O e6 6. b3 h6 7. c4 Bd6 8. Nc3 Nbd7 9. Re1 O-O 10. Bf4 Bxf4 11. gxf4 Ne4 12. Nxe4 Bxe4 13. e3 Kh8 14. Nd2 Bxg2 15. Kxg2 Qf6 16. Qh5 Qe7 17. Rg1 Nf6 18. Qh4 c5 19. dxc5 Qxc5 20. Rac1 Qc6 21. Kf1 Rad8 22. Qg3 g6 23. Qf3 d4 24. Qxc6 bxc6 25. Ke2 c5 26. Rcd1 Rd7 27. e4 d3+ 28. Ke3 h5 29. f3 Rfd8 30. Rg2 h4 31. Nb1 a5 32. Nc3 Nh5 33. Na4 Rc7 34. Rgd2 Re8 35. Rxd3 e5 36. fxe5 Rxe5 37. Rd5 Rce7 38. Rxe5 Rxe5 39. Rd5 Re7 40. Nxc5 f5 41. Rd8+ Kh7 42. Rd7 Rxd7 43. Nxd7 Kg7 44. c5 Kf7 45. Ne5+ Ke7 46. Nxg6+ Kd7 47. Nxh4 f4+ 1-0


[Site "https://www.chess.com"]

[Event "Titled Tuesday Blitz March 15 Late 2022"]
[White "Kubicka, Anna"]
[Black "Prohorov, Olexandr"]
[WhiteFideId "1152254"]
[BlackFideId "14105578"]
[WhiteElo "2000"]
[BlackElo "1993"]
[Result "1-0"]
[Round "04"]
[TimeControl "180+1"]
[Date "2022.03.16"]
[WhiteClock "0:00:56"]
[BlackClock "0:01:26"]

1. e4 Nc6 2. Bb5 g6 3. Bxc6 dxc6 4. d3 Bg7 5. h3 e5 6. Nf3 Ne7 7. Be3 b6 8. O-O O-O 9. Qd2 Re8 10. Bh6 Bh8 11. Nc3 c5 12. Rae1 Nc6 13. Nd5 Nd4 14. Nxd4 cxd4 15. f4 c6 16. Nb4 Qd6 17. c4 dxc3 18. Qxc3 c5 19. Nd5 exf4 20. Qd2 Be5 21. Bxf4 Bb7 22. Bxe5 Rxe5 23. Nf6+ Kg7 24. Ng4 Re7 25. Qh6+ Kg8 26. Nf6+ 1-0


[Site "https://www.chess.com"]